 Dungeon Crawl Stone Soup version 0.19-a0-1587-gaef70b6 (webtiles) character file.

387 dobroeutro the Slasher (level 6, -10/57 HPs)
             Began as a Minotaur Fighter on Sept 16, 2016.
             Was an Initiate of Okawaru.
             Killed by divine providence
             ... invoked by an orc priest
              (12 damage)
             ... on level 4 of the Dungeon.
             The game lasted 00:05:41 (2602 turns).

dobroeutro the Slasher (Minotaur Fighter)           Turns: 2602, Time: 00:05:42

Health: -10/57     AC:  6    Str: 20    XL:     6   Next: 49%
Magic:  5/5        EV:  7    Int:  5    God:    Okawaru [......]
Gold:   129        SH:  9    Dex: 12    Spells: 0 memorised, 5 levels left

rFire  + . .     SeeInvis .     i - +1 dagger (drain)
rCold  . . .     Gourm    .     b - +0 scale mail
rNeg   . . .     Faith    .     c - +0 shield
rPois  .         Spirit   .     (helmet restricted)
rElec  .         Dismiss  .     (no cloak)
rCorr  .         Reflect  .     (no gloves)
MR     .....     Harm     .     (no boots)
Stlth  ..........               (no amulet)
                                (no ring)
                                s - ring of protection from fire

@: no status effects
A: retaliatory headbutt, horns 2
a: Renounce Religion


You were on level 4 of the Dungeon.
You worshipped Okawaru.
Okawaru was noncommittal.
You were hungry.

You visited 2 branches of the dungeon, and saw 5 of its levels.

You collected 129 gold pieces.

Inventory:

Hand Weapons
 a - a +0 long sword
 i - a +1 dagger of draining (weapon)
 m - a +0 rapier
Armour
 b - a +0 scale mail (worn)
 c - a +0 shield (worn)
Jewellery
 s - a ring of protection from fire (left hand)
Scrolls
 e - a scroll of fear
 k - a scroll of blinking {unknown}
 o - 3 scrolls of noise {unknown}
 p - 3 scrolls of identify {unknown}
 r - a scroll of recharging {unknown}
 t - a scroll of random uselessness {unknown}
 u - a scroll of enchant weapon {unknown}
 w - a scroll of enchant armour {unknown}
 y - a scroll of remove curse
Potions
 d - a potion of might
 g - a potion of haste {unknown}
 h - 2 potions of flight {unknown}
 j - 2 potions of heal wounds {unknown}
 n - 2 potions of curing {unknown}
 q - a potion of invisibility {unknown}
 x - a potion of beneficial mutation {unknown}
Comestibles
 f - 2 bread rations
 l - a slice of pizza
 v - a beef jerky


   Skills:
 + Level 5.7 Fighting
 * Level 7.1 Long Blades
 - Level 3.6 Armour
 - Level 3.6 Shields


You had 5 spell levels left.
You didn't know any spells.

Dungeon Overview and Level Annotations

Branches:
Dungeon (4/15)             Temple (1/1) D:4

Altars:
Fedhas
Makhleb
Nemelex Xobeh
Okawaru
Yredelemnul


Innate Abilities, Weirdness & Mutations

You reflexively headbutt those who attack you in melee.
You have a pair of horns on your head.


Message History

The orc priest miscasts a cantrip.
The orc priest looks braver for a moment.
There is an open door here.
You feel sick.
You are no longer poisoned.
The orc priest calls upon Beogh to heal the orc.
The orc's wounds heal themselves!
You block the orc's attack.
The orc priest looks encouraged for a moment.
The orc priest miscasts a cantrip.
The orc priest invokes the aid of Beogh against you.
Beogh smites you!
* * * LOW HITPOINT WARNING * * *
The orc priest looks encouraged for a moment.
The orc priest calls down the wrath of Beogh upon you.
Pain shoots through your body!
* * * LOW HITPOINT WARNING * * *
The orc priest invokes the aid of Beogh against you.
Beogh smites you!
You die...

.........# #.....'.....#
...#...#.# ##....#.....#
#..#..#..# #######.....#
.#.#.#...# #...........#
..#.#....# #...........#
########.# #...........#
#........#######...........#
#.................<........#
#............o..@..........#
.........o.o..o............#
.#######........######.....#
.+ #........# #.....# .#
#........# #.....#
########........# #.....#
#.....#........# #######
#.....#........#
##.....#####....#


You could see 2 orc priests and 2 orcs.

Vanquished Creatures
  A scorpion (D:4)
  2 orc wizards
  Terence (D:2)
  3 worker ants (D:4)
  8 adders
  A gnoll (D:1)
  4 worms
  2 dart slugs
  2 leopard geckos
  12 orcs
  7 giant cockroaches
  12 hobgoblins
  3 jackals (D:1)
  4 kobolds
  A quokka (D:4)
  10 bats
  6 frilled lizards
  7 goblins
  3 rats
89 creatures vanquished.

Notes
Turn   | Place    | Note
-------+----------+-------------------------------------------
     0 | D:1      | dobroeutro the Minotaur Fighter began the quest for the Orb.
     0 | D:1      | Reached XP level 1. HP: 19/19 MP: 0/0
     6 | D:1      | Noticed a black bear
     6 | D:1      | Noticed an eight-headed hydra
     6 | D:1      | Noticed a lindwurm
     6 | D:1      | Noticed a salamander
   124 | D:1      | Reached skill level 3 in Long Blades
   147 | D:1      | Reached XP level 2. HP: 27/27 MP: 1/1
   407 | D:1      | Reached XP level 3. HP: 31/33 MP: 2/2
   786 | D:2      | Reached skill level 4 in Long Blades
   876 | D:2      | Reached XP level 4. HP: 41/41 MP: 3/3
   942 | D:2      | Noticed Terence
   951 | D:2      | Killed Terence
   951 | D:2      | Reached skill level 5 in Long Blades
  1052 | D:2      | Found a basalt altar of Yredelemnul.
  1471 | D:3      | Reached skill level 5 in Fighting
  1471 | D:3      | Reached XP level 5. HP: 27/48 MP: 4/4
  1884 | D:3      | Reached skill level 6 in Long Blades
  2211 | D:4      | Reached XP level 6. HP: 52/56 MP: 5/5
  2351 | D:4      | Reached skill level 7 in Long Blades
  2390 | D:4      | Found a staircase to the Ecumenical Temple.
  2448 | Temple   | Entered the Ecumenical Temple
  2459 | Temple   | Became a worshipper of Warmaster Okawaru
  2552 | D:4      | Found a sparkling altar of Nemelex Xobeh.
  2602 | D:4      | HP: 2/57 [orc priest/nerve-wracking pain (7)]
  2602 | D:4      | Killed from afar by an orc priest

Vault maps used:
D:1:      onia_arrival_zoo_common, patterned_corridor
D:2:      lemuel_coloured_pillars_altar, grunt_ministairs_10, uniq_terence
D:4:      nemelex_xobeh_ov_fountains_minmay, grunt_ministairs_6,
          hangedman_decor_diamond_cutter
Temple:   nicolae_temple_elliptical

Skill      XL: |  1  2  3  4  5  6 |
---------------+-------------------+-----
Long Blades    | 3 4 5 6 7 |  7.1
Fighting       | 4 5 |  5.7
Armour         | |  3.6
Shields        | |  3.6

Action                   |  1- 3 |  4- 6 || total
-------------------------+-------+-------++-------
Melee: Long sword        |    52 |       ||    52
       Headbutt          |    16 |    38 ||    54
       Dagger            |    35 |   182 ||   217
  Use: Scroll            |       |     3 ||     3
  Eat: Chunk             |       |     5 ||     5
Armor: Scale mail        |    36 |    41 ||    77
Dodge: Dodged            |    20 |    39 ||    59
Block: Shield            |    52 |    61 ||   113
